Map: 로맨티사이드 - 래더

Players

cure - Winner!

  • Race: Terran Terran
  • Spawn Location: 11:00

MaxPax

  • Race: Protoss Protoss
  • Spawn Location: 5:00

Event: StayAtHome Story Cup #3

VOD

Have the link to the VOD?

Description

Time

  • Played on: March 12, 2021, 8 a.m.
  • Length: 12:04

All games in this series

Show
View Real Time Build Order
Export as new Build Order

cure Terran - Winner!

Build Orders: Reaper Expand 

Get SALT Encoding   

  12  0:00  SCV  
  13  0:12  SCV  
  14  0:17  Supply Depot  
  14  0:24  SCV  
  15  0:38  SCV  
  15  0:40  Barracks  
  16  0:43  Refinery  
  16  0:51  SCV  
  17  1:03  SCV  
  18  1:15  SCV  
  19  1:28  Orbital Command, Reaper  
  20  1:41  Command Center  
  20  1:49  Supply Depot  
  20  1:54  SCV  
  21  2:01  Barracks Tech Lab  
  21  2:06  SCV  
  22  2:09  Barracks  
  22  2:18  SCV  
  22  2:19  Marauder  
  22  2:22  Concussive Shells  
  25  2:27  Refinery  
  25  2:30  SCV  
  26  2:41  Marauder  
  26  2:42  SCV  
  29  2:51  Factory  
  29  2:54  Orbital Command  
  29  2:56  SCV  
  30  3:01  Barracks Reactor  
  30  3:05  Marine  
  30  3:10  SCV  
  32  3:21  SCV, Stimpack  
  32  3:22  SCV  
  32  3:23  Marine  
  35  3:29  Supply Depot  
  35  3:33  SCV  
  35  3:34  SCV  
  37  3:38  Marine x2  
  37  3:39  Starport  
  37  3:41  Marine  
  38  3:48  SCV x2  
  41  3:49  Factory Reactor  
  41  3:56  Marine x2  
  41  3:59  Marine  
  41  4:00  SCV x2  
  41  4:01  Engineering Bay  
  42  4:04  Supply Depot  
  42  4:12  SCV x2  
  42  4:13  Marine  
  42  4:14  Marine  
  42  4:17  Marine  
  46  4:24  SCV x2  
  46  4:28  Medivac x2  
  46  4:29  Supply Depot  
  52  4:31  Missile Turret  
  52  4:33  Marine x2  
  52  4:34  Marine  
  52  4:36  Missile Turret  
  55  4:39  SCV x2  
  55  4:43  Supply Depot  
  57  4:51  SCV x2, Terran Infantry Weapons Level 1  
  57  4:52  Marine  
  60  4:53  Marine  
  60  4:54  Marine, Supply Depot  
  62  5:00  Medivac  
  62  5:03  SCV x2  
  66  5:07  Widow Mine  
  66  5:12  Marine x3  
  71  5:18  Supply Depot  
  71  5:22  Command Center  
  71  5:25  SCV x2  
  71  5:27  Combat Shield  
  73  5:34  Marine x2  
  73  5:35  Marine  
  76  5:39  SCV x2  
  76  5:41  Factory Tech Lab, Barracks  
  78  5:44  Refinery  
  78  5:45  Supply Depot  
  78  5:54  SCV x2  
  78  5:57  Marine  
  80  5:58  Barracks, Marine  
  80  5:59  Barracks  
  80  6:00  Marine  
  83  6:07  Refinery, SCV x2  
  83  6:08  Factory Reactor  
  83  6:09  Supply Depot  
  85  6:19  SCV x2  
  87  6:26  Marauder, Marine x2  
  87  6:29  Barracks Tech Lab  
  87  6:30  Medivac x2  
  87  6:31  SCV x2  
  93  6:44  Marine x2  
  93  6:45  SCV x2, Orbital Command  
  91  6:48  Marauder, Missile Turret  
  91  6:51  Marauder  
  91  6:53  Barracks Reactor, Barracks Tech Lab  
  95  6:58  Widow Mine x2  
  95  7:00  SCV x2  
  91  7:03  Medivac  
  91  7:07  Marine x2  
  95  7:09  Terran Infantry Armor Level 1, Marauder  
  95  7:12  Marauder  
  95  7:13  SCV x2  
  95  7:14  SCV  
  102  7:16  Marauder  
  102  7:21  Widow Mine x2  
  108  7:27  Marine x2  
  103  7:31  SCV x3, Marauder  
  103  7:32  Refinery x2  
  103  7:34  Marauder, Medivac  
  103  7:35  Marine x2, Supply Depot  
  103  7:36  Supply Depot  
  113  7:37  Marauder  
  113  7:43  Widow Mine x2, SCV  
  113  7:44  SCV x2  
  122  7:45  Marine  
  115  7:54  Marauder, Marine x3  
  115  7:55  Marauder  
  117  7:58  Marauder  
  117  8:01  SCV  
  117  8:02  SCV x2  
  117  8:03  Marine, Medivac  
  120  8:07  Widow Mine  
  120  8:08  Widow Mine  
  124  8:15  Marauder, Marine x3  
  124  8:16  Marauder  
  124  8:19  Medivac  
  135  8:20  Marauder  
  135  8:21  Marine  
  135  8:23  Missile Turret  
  135  8:26  Supply Depot  
  136  8:27  Supply Depot  
  136  8:28  Armory  
  136  8:29  Engineering Bay  
  136  8:30  Widow Mine x2  
  136  8:32  Marine  
  141  8:44  Supply Depot  
  141  8:46  Supply Depot  
  141  8:48  Marauder, Marine x5  
  148  8:50  SCV x3, Marine  
  148  8:53  Ghost Academy  
  142  9:05  Widow Mine, Marine x3  
  142  9:06  Marauder x2  
  142  9:08  Marine, Medivac  
  142  9:09  Marauder  
  150  9:10  Medivac  
  150  9:11  Widow Mine  
  151  9:23  Marine x3  
  143  9:26  Marine  
  143  9:27  Marauder x2  
  143  9:31  Marauder  
  142  9:33  Widow Mine x2  
  142  9:38  Medivac  
  148  9:40  Medivac  
  148  9:41  Marine  
  148  9:43  Terran Infantry Weapons Level 2  
  148  9:44  Command Center  
  148  9:45  Marine x2  
  153  9:49  Marauder  
  147  10:00  Widow Mine x2  
  147  10:01  Marauder, Marine x2  
  147  10:03  Supply Depot  
  147  10:05  Command Center  
  155  10:08  Marine x2  
  155  10:09  Marauder, Marine  
  155  10:14  Medivac x2  
  160  10:22  Widow Mine x2  
  160  10:23  SCV x2, Marauder  
  160  10:24  SCV  
  160  10:27  Marine x4  
  160  10:28  Marauder  
  175  10:30  Marauder  
  176  10:43  Widow Mine x2, Marine  
  176  10:46  Marine  
  176  10:47  Marine  
  176  10:49  Medivac  
  181  10:55  Marauder x2, Medivac  
  180  11:00  Marine x2  
  180  11:02  Marauder  
  166  11:04  Marine  
  166  11:05  Marine  
  166  11:08  Widow Mine x2  
  164  11:12  SCV x3  
  164  11:17  Marauder x2  
  159  11:19  Medivac  
  159  11:23  Marauder  
  159  11:25  Medivac  
  163  11:30  Widow Mine  
  163  11:31  Marine x4  
  163  11:32  Widow Mine  
  158  11:38  Marauder x2  
Show
View Real Time Build Order
Export as new Build Order

MaxPax Protoss 

Build Orders: 1 Gate Expand, Oracle Opening 

Get SALT Encoding   

  12  0:00  Probe  
  13  0:12  Probe  
  14  0:17  Pylon  
  14  0:24  Probe  
  15  0:36  Probe (Chrono Boost)  
  15  0:37  Gateway  
  16  0:47  Assimilator  
  16  0:48  Probe (Chrono Boost)  
  17  0:52  Probe (Chrono Boost)  
  18  1:03  Probe  
  19  1:15  Probe  
  20  1:24  Cybernetics Core  
  20  1:33  Nexus  
  20  1:39  Pylon  
  20  1:42  Probe  
  20  1:47  Assimilator  
  21  1:54  Probe  
  21  1:57  Adept (Chrono Boost)  
  24  2:07  Probe, Shield Battery  
  25  2:10  Warp Gate  
  25  2:21  Adept (Chrono Boost)  
  25  2:25  Probe  
  28  2:37  Probe  
  28  2:40  Stargate  
  29  2:45  Adept  
  29  2:49  Probe (Chrono Boost)  
  33  2:51  Probe (Chrono Boost)  
  33  3:01  Probe (Chrono Boost)  
  34  3:06  Probe (Chrono Boost)  
  34  3:07  Probe (Chrono Boost)  
  35  3:13  Probe  
  35  3:15  Probe  
  37  3:20  Oracle (Chrono Boost)  
  37  3:25  Probe  
  41  3:27  Probe  
  42  3:37  Nexus  
  42  3:39  Probe  
  42  3:41  Probe  
  44  3:45  Pylon  
  43  3:51  Probe  
  43  3:53  Probe  
  45  4:00  Oracle (Chrono Boost)  
  45  4:03  Probe  
  45  4:05  Probe  
  45  4:06  Gateway  
  50  4:10  Gateway  
  50  4:15  Probe  
  51  4:17  Pylon  
  51  4:22  Probe  
  52  4:26  Twilight Council  
  52  4:28  Forge  
  52  4:30  Probe  
  53  4:34  Probe  
  54  4:43  Probe  
  55  4:46  Probe  
  55  4:52  Gateway  
  57  4:54  Gateway  
  57  4:55  Probe  
  57  4:56  Gateway  
  59  5:00  Charge (Chrono Boost)  
  59  5:02  Shield Battery  
  59  5:03  Phoenix (Chrono Boost)  
  59  5:12  Stalker x2  
  63  5:15  Probe x3  
  63  5:18  Stalker  
  68  5:27  Probe x3  
  71  5:36  Protoss Ground Armor Level 1 (Chrono Boost)  
  71  5:38  Pylon  
  71  5:39  Probe x3  
  71  5:40  Zealot  
  76  5:44  Pylon  
  76  5:46  Pylon  
  76  5:51  Probe  
  76  5:55  Pylon  
  76  5:56  Probe  
  78  5:58  Probe  
  78  5:59  Zealot x3  
  78  6:03  Zealot x2  
  78  6:04  Assimilator x2  
  89  6:06  Zealot  
  89  6:09  Probe, Phoenix (Chrono Boost)  
  94  6:16  Probe x2  
  96  6:20  Zealot x3  
  100  6:27  Probe  
  100  6:31  Phoenix (Chrono Boost)  
  101  6:33  Zealot x3  
  106  6:49  Pylon  
  106  6:50  Pylon  
  106  6:54  Phoenix, Robotics Facility  
  108  7:02  Gateway  
  108  7:03  Gateway  
  108  7:07  Photon Cannon  
  108  7:08  Probe, Photon Cannon  
  109  7:11  Zealot x2  
  109  7:12  Zealot x2  
  117  7:24  Phoenix  
  117  7:27  Pylon  
  119  7:41  Zealot x3  
  119  7:42  Protoss Ground Armor Level 2 (Chrono Boost)  
  119  7:44  Forge  
  125  7:45  Warp Prism, Pylon  
  125  7:46  Pylon  
  97  8:10  Sentry, Robotics Bay  
  97  8:11  Zealot x4, Blink (Chrono Boost)  
  107  8:15  Nexus  
  107  8:17  Pylon  
  107  8:20  Probe x2  
  107  8:21  Probe  
  107  8:26  Zealot x3  
  116  8:32  Probe x2, Protoss Ground Weapons Level 1 (Chrono Boost)  
  118  8:40  Zealot x4  
  126  8:44  Sentry  
  126  8:46  Shield Battery  
  128  8:50  Zealot x2  
  114  9:07  Colossus (Chrono Boost)  
  114  9:09  Zealot x3  
  110  9:10  Zealot x2, Sentry  
  114  9:19  Zealot x2  
  114  9:20  Probe  
  114  9:23  Phoenix  
  91  9:32  Zealot  
  91  9:33  Zealot x3  
  91  9:39  Sentry  
  91  9:40  Zealot x3  
  98  9:49  Colossus (Chrono Boost)  
  104  9:57  Sentry  
  104  9:58  Zealot x2  
  102  10:15  Nexus  
  102  10:17  Zealot x3, Sentry  
  102  10:21  Extended Thermal Lance  
  110  10:24  Pylon  
  110  10:32  Colossus (Chrono Boost)  
  112  10:44  Zealot x5  
  114  10:52  Zealot, Sentry x2  
  90  11:06  Zealot x5  
  86  11:14  Zealot  
  80  11:19  Zealot x3  
  80  11:33  Shield Battery  
  80  11:35  Stalker x4  
  84  11:46  Zealot x3  
  80  12:00  Zealot x4  
Tags
 
Add a new tag
Caveats
  • Supply blocks, unpowered buildings, or Contaminate may cause inaccurate times.
  • Supply counts are checked every 10 seconds.